 Dungeon Crawl Stone Soup version 0.31-a0-986-g5e6e4ef867 (webtiles) character file.

Game seed: 10784317223864632115

150 serber55 the Slasher (level 5, 0/42 HPs)
             Began as a Demonspawn Monk on Nov 15, 2023.
             Slain by an orc
             ... wielding a +0 dagger
              (3 damage)
             ... on level 3 of the Dungeon.
             The game lasted 00:04:19 (2351 turns).

serber55 the Slasher (Demonspawn Monk)              Turns: 2351, Time: 00:04:20

Health: 0/42       AC:  5    Str: 13    XL:     5   Next: 10%
Magic:  5/5        EV: 11    Int: 16    God:
Gold:   137        SH:  4    Dex: 15    Spells: 4/4 levels left

rFire   . . .        a - +0 falchion
rCold   . . .        (no shield)
rNeg    . . .        j - +0 ring mail
rPois   .            (no helmet)
rElec   .            (no cloak)
rCorr   .            (no gloves)
SInv    .            (no boots)
Will    .....        (no amulet)
Stlth   +            (no ring)
HPRegen 0.27/turn    (no ring)
MPRegen 0.09/turn

%: no passive effects
@: no status effects
A: claws 1, big brain 2, condensation shield
a: no special abilities


You were on level 3 of the Dungeon.
You visited 1 branch of the dungeon, and saw 3 of its levels.

You collected 137 gold pieces.

Inventory:

Hand Weapons
 a - a +0 falchion (weapon)
Missiles
 r - 3 poisoned darts
Armour
 d - an orb of light
 j - a +0 ring mail (worn)
Scrolls
 b - 2 scrolls of identify {unknown}
 f - 2 scrolls of teleportation
 i - a scroll of brand weapon {unknown}
 k - a scroll of fear {unknown}
 m - a scroll of blinking
 o - a scroll of fog {unknown}
 p - a scroll of revelation {unknown}
Potions
 c - 2 potions of ambrosia
 e - 2 potions of curing {unknown}
 g - a potion of mutation {unknown}
 h - a potion of lignification {unknown}
 l - a potion of resistance {unknown}
 n - 2 potions of might {unknown}
 q - a potion of degeneration {unknown}


   Skills:
 + Level 3.8 Fighting
 * Level 4.2 Long Blades
 + Level 2.0 Armour
 - Level 2.6 Dodging


You had 4 spell levels left.
You didn't know any spells.
Your spell library contained the following spells:

 Spells                   Type           Power      Damage    Failure   Level
 Manifold Assault         Tloc           0%         N/A       99%         4
 Dispersal                Tloc           0%         N/A       100%        6
 Disjunction              Tloc           0%         N/A       100%        8


Dungeon Overview and Level Annotations

Branches:
Dungeon (3/15)

Altars:
Fedhas
Xom


Innate Abilities, Weirdness & Mutations

You have sharp fingernails.
You have an extremely huge brain. (Int +4)
A meltable shield of frost defends you. (SH +4)


Message History

The orc is heavily wounded.
You feel sick.
You hit the orc.
The orc is almost dead.
You feel sick. The orc hits you but does no damage.
You hit the orc.
You kill the orc!
You feel sick.
You are no longer poisoned.
The orc completely misses you.
You closely miss the orc priest. The orc hits you but does no damage.
The orc priest hits you with a +0 flail.
You hit the orc priest but do no damage.
The orc barely misses you. The orc closely misses you.
The orc priest hits you with a +0 flail.
You hit the orc priest.
The orc priest is moderately wounded.
The orc hits you with a +0 dagger. You block the orc's attack.
The orc priest hits you with a +0 flail.
You hit the orc priest.
The orc priest is heavily wounded.
The orc hits you but does no damage. The orc hits you with a +0 hand axe.
* * * LOW HITPOINT WARNING * * *
The orc priest hits you with a +0 flail.
* * * LOW HITPOINT WARNING * * *
You hit the orc priest but do no damage.
The orc priest is heavily wounded.
The orc hits you with a +0 dagger.
* * * LOW HITPOINT WARNING * * *
The orc hits you with a +0 hand axe.
* * * LOW HITPOINT WARNING * * *
The orc priest misses you.
You barely miss the orc priest.
The orc priest is heavily wounded.
The orc barely misses you. The orc closely misses you.
The orc priest barely misses you.
You barely miss the orc priest.
The orc priest is heavily wounded.
The orc hits you with a +0 dagger.
You die...

#.##.## ###...###...###...####..#
#.##.####.##.##.##.##.##.##.###.#
#.....##...###...#'#...###...##.#
####..'....)'..⌠..'..⌠..'.....'.#
#..##...###...###...###...##.#
#.....##.##.##.##.##.##.##.###.#
#....#####...###...###...### #.#
#...## #..?..#o....#.....####.#
##..# +..8..o@.>..'..8..'....#
#..# #.....#o....#.....##.### ###
##...###...###...##..#
##.##.##.##.##.##..##
#####...###...####.## ♣♣
#..+.....'^....'...# .♣♣
♣♣##.###...###...###.##
..♣♣♣♣♣.##.# ##.## ##.## #.#
♣..........####'# #'####.#


You could see an orc priest and 2 orcs.

Vanquished Creatures
  A scorpion (D:3)
  2 adders (D:3)
  A worm (D:2)
  2 dart slugs
  An orc (D:3)
  7 bats
  9 endoplasms
  3 giant cockroaches
  5 goblins
  3 hobgoblins
  7 quokkas
  5 ball pythons
  4 frilled lizards
  10 kobolds
  4 rats
64 creatures vanquished.

Notes
Turn   | Place    | Note
-------+----------+-------------------------------------------
     0 | D:1      | serber55 the Demonspawn Monk began the quest for the Orb.
     0 | D:1      | Reached XP level 1. HP: 18/18 MP: 1/1
    93 | D:1      | Reached skill level 3 in Long Blades
    94 | D:1      | Gained mutation: A meltable shield of frost defends you.
                  | (SH +4) [demonic ancestry]
    94 | D:1      | Reached XP level 2. HP: 12/24 MP: 2/2
   447 | D:1      | Reached skill level 1 in Armour
   499 | D:1      | Gained mutation: You have an unusually large brain. (Int
                  | +2) [demonic ancestry]
   499 | D:1      | Reached XP level 3. HP: 29/29 MP: 3/3
  1477 | D:3      | Found a shimmering altar of Xom.
  1838 | D:3      | Gained mutation: You have an extremely huge brain. (Int +4)
                  | [demonic ancestry]
  1838 | D:3      | Reached XP level 4. HP: 35/35 MP: 4/4
  1953 | D:3      | Noticed a scorpion
  1963 | D:3      | Killed a scorpion
  1964 | D:3      | Reached skill level 4 in Long Blades
  2194 | D:3      | Gained mutation: You have sharp fingernails. [demonic
                  | ancestry]
  2194 | D:3      | Reached XP level 5. HP: 27/42 MP: 5/5
  2271 | D:3      | Found a blossoming altar of Fedhas.
  2351 | D:3      | Slain by an orc

Illustrated notes

Levels and vault maps discovered:
D:1:      onia_arrival_mini_spirals, layout_basic, minmay_tromino_i4
D:2:      layout_basic, dk_noncrumbling_3
D:3:      layout_loops_ring, xom_teletrap_fun, fedhas_altar_4,
          nicolae_hexahallways, uniq_crazy_yiuf_cottage, uniq_grinder

Skill      XL: |  1  2  3  4  5 |
---------------+----------------+-----
Long Blades    | 3 4 |  4.2
Armour         | 1 2 |  2.0
Fighting       | |  3.8
Dodging        | |  2.6

Action                     |  1- 3 |  4- 6 || total
---------------------------+-------+-------++-------
  Melee: Falchion          |   142 |    49 ||   191
    Use: Scroll            |     2 |       ||     2
 Armour: Robe              |    32 |       ||    32
         Ring mail         |    48 |    33 ||    81
  Dodge: Dodged            |    72 |    23 ||    95
  Block: Orb               |    28 |     4 ||    32
         Other             |       |     2 ||     2

Table legend: (Time is in decaauts)
 A = Elapsed time spent in this place.
 B = Non-inter-level travel time spent in this place.
 C = Inter-level travel time spent in this place.
 D = Time resting spent in this place.
 E = Time spent auto-exploring this place.
 F = Levels seen in this place.
 G = Mean time per level.
                   A        B        C        D        E       F      G
               +--------+--------+--------+--------+--------+-----+--------+
         Total |   2374 |   2323 |     51 |    124 |   1786 |   3 |  791.3 |
       Dungeon |   2374 |   2323 |     51 |    124 |   1786 |   3 |  791.3 |
               +--------+--------+--------+--------+--------+-----+--------+

Top non-repeatable levels by time:
     D:3: 874 daAuts
     D:1: 818 daAuts
     D:2: 681 daAuts
